 Dungeon Sprint DCSS version 0.31-a0-204-g7da18cac08 (webtiles) character file.

Game seed: 9746604241041317342

9539 rocky1 the Bludgeoner (level 11, 0/91 HPs)
             Began as a Demonspawn Gladiator on June 28, 2023.
             Was a High Priest of Nemelex Xobeh.
             Slain by a sixfirhy (11 damage)
             ... summoned by Frances
             ... in the Dungeon (Sprint VII: "The Pits").
             The game lasted 00:14:29 (2249 turns).

rocky1 the Bludgeoner (Demonspawn Gladiator)        Turns: 2249, Time: 00:14:30

Health: 0/91       AC: 30    Str: 16    XL:     11   Next: 24%
Magic:  21/21      EV: 13    Int: 13    God:    Nemelex Xobeh [*****.]
Gold:   0          SH:  0    Dex: 14    Spells: 10/10 levels left

rFire   . . .        b - +2 morningstar (protect)
rCold   . . .        (no shield)
rNeg    . . .        w - +4 chain mail
rPois   .            c - +0 helmet
rElec   .            v - +0 cloak
rCorr   .            (no gloves)
SInv    .            (no boots)
Will    .....        (no amulet) Stlth
                     r - +3 ring of protection
HPRegen 0.35/turn    s - +3 ring of protection
MPRegen 0.17/turn

%: no teleportation
@: engulfed (cannot breathe), under a protective aura
A: hooves 1, demonic guardian 1, sturdy frame 2, demonic magic 2
a: Renounce Religion, Draw Escape, Draw Destruction, Draw Summoning, Triple
Draw, Deal Four, Stack Five


You were in the Dungeon.
You worshipped Nemelex Xobeh.
Nemelex Xobeh was extremely pleased with you.
You visited 1 branch

Inventory:

Hand Weapons
 b - a +2 morningstar of protection (weapon)
 p - a +1 heavy flail
Missiles
 d - 3 throwing nets
 e - a javelin
 q - 2 curare-tipped darts (quivered)
Armour
 c - a +0 helmet (worn)
 v - a +0 cloak (worn)
 w - a +4 chain mail (worn)
Jewellery
 r - a +3 ring of protection (left hand)
 s - a +3 ring of protection (right hand)
Scrolls
 m - 5 scrolls of amnesia
 n - a scroll of summoning
Potions
 f - a potion of curing
 g - 3 potions of heal wounds
 h - a potion of haste
 i - 4 potions of magic
 j - a potion of berserk rage
 l - 2 potions of invisibility
 t - a potion of brilliance


   Skills:
 + Level 10.2 Fighting
 * Level 18.0 Maces & Flails
 - Level 2.8 Throwing
 + Level 8.3 Armour
 + Level 9.4 Dodging
 - Level 0.9 Stealth
 * Level 14.4 Invocations


You had 10 spell levels left.
You didn't know any spells.
Your spell library was empty.

Dungeon Overview and Level Annotations

Branches:
Dungeon (1/1)

Altars:
Ashenzari
Cheibriados
Dithmenos
Fedhas
Gozag
Hepliaklqana
Kikubaaqudgha
Makhleb
Nemelex Xobeh
Okawaru
Qazlal
Ru
Sif Muna
Trog
Uskayaw
Vehumet
Wu Jian
Xom
Yredelemnul
Jiyva
Lugonu

Annotations:
D Frances


Innate Abilities, Weirdness & Mutations

You have large cloven feet.
A weak demonic guardian rushes to your aid.
Your movements are less encumbered by armour. (ER -4)
Spells you cast may paralyse nearby enemies.


Message History

The water elemental engulfs you in water!
Your red devil hits Frances with a +0 trident.
Frances is skewered by barbed spikes.
Unknown command.
Unknown command.
You closely miss the water elemental.
You punch the water elemental, but do no damage.
Your lungs strain for air!
Your hell hound bites Frances.
Frances chants phrases taken from a devil's mouth.
Your red devil closely misses Frances.
The water elemental hits you.
Your hell hound bites Frances!
You hit the water elemental.
You kick the water elemental, but do no damage.
The water elemental is lightly damaged.
Your lungs strain for air!
Frances barely misses you. The water elemental hits you.
Your red devil hits Frances but does no damage.
Your hell hound bites Frances.
You hit the water elemental.
You kick the water elemental, but do no damage.
The water elemental is moderately damaged.
Your lungs strain for air!
The sixfirhy hits your red devil. The sixfirhy shocks your red devil!
Your hell hound closely misses Frances.
You hit the water elemental but do no damage.
You kick the water elemental.
The water elemental is moderately damaged.
Your lungs strain for air!
The sixfirhy hits your red devil! The sixfirhy shocks your red devil!
Your red devil dies!
Your red devil disappears in a puff of smoke!
Frances mutters in a terrible tongue.
The shard of ice hits you!!!
* * * LOW HITPOINT WARNING * * *
A demonic guardian appears!
The sixfirhy hits you.
* * * LOW HITPOINT WARNING * * *
The sixfirhy shocks you!
You die...
Your body glows with a rainbow of weird colours and disappears.

#'#####''######
.....##รท'################ ##
.....##..#..............##
..#
.....##..##..............#..#
.<...##..####...#'######.D.#
.....##..#..#####.## ##S##
.....##.)#....##...# # K.#
.....##..).))))#(E)#)..# .M#
#######..'.)..))@@.')).' ..'
#######..'..).)#h3.#.).# ..#.
#....##..#.)).##..5#)..#
..#.. #..[[##..#..#####.##
..# '## #.
'..))##..####...#'######.
#..))##..##..............
#..))##..#..............#
#########################


You could see Frances (skewered, ally target), a water elemental, a sixfirhy
(summoned, ally target), a friendly hell hound (summoned) and a friendly shadow
imp (summoned).

Vanquished Creatures
  2 alligators (D)
  Sonja (D)
  A deep troll (D)
  An orc knight (D)
  A necromancer (D)
  Joseph (D)
  A rust devil (D)
  A molten gargoyle (D)
  A smoke demon (D)
  A cane toad (D)
  A yaktaur (D)
  A kobold demonologist (D)
  A red devil (D)
  A polar bear (D)
  A wind drake (D)
  A tarantella (D)
  A culicivora (D)
  2 flying skulls (D)
  5 yaks (D)
  A shadow (D)
  A basilisk (D)
  A steam dragon (D)
  A water moccasin (D)
  A floating eye (D)
  Duvessa (D)
  3 orc warriors (D)
  2 ice beasts (D)
  3 kobold brigands (D)
  2 gnoll sergeants (D)
  A scorpion (D)
  Dowan (D)
  A killer bee (D)
  An iron imp (D)
  A mummy (D)
  9 gnolls (D)
  2 ufetubi (D)
  A worm (D)
  4 orcs (D)
  2 ball pythons (D)
  2 bats (D)
  A bat skeleton (D)
  A giant cockroach (D)
  A goblin (D)
  4 kobolds (D)
  A ball python skeleton (D)
  3 frilled lizards (D)
  A quokka simulacrum (D)
  A quokka skeleton (D)
  A quokka zombie (D)
  2 rats (D)
82 creatures vanquished.

Vanquished Creatures (collateral kills)
  A fire bat (D)
1 creature vanquished.

Grand Total: 83 creatures vanquished

Notes
Turn   | Place    | Note
-------+----------+-------------------------------------------
     0 | D        | rocky1 the Demonspawn Gladiator began the quest for the
                  | Orb.
     0 | D        | Reached XP level 1. HP: 16/16 MP: 1/1
    15 | D        | Reached skill level 3 in Maces & Flails
    22 | D        | Found a bloodstained altar of Trog.
    22 | D        | Found a shimmering blue altar of Sif Muna.
    22 | D        | Found a viscous altar of Jiyva.
    22 | D        | Found a hazy altar of Hepliaklqana.
    22 | D        | Found an opulent altar of Gozag.
    23 | D        | Found a basalt altar of Yredelemnul.
    23 | D        | Found a shimmering altar of Xom.
    23 | D        | Found an ornate altar of the Wu Jian Council.
    23 | D        | Found a sacrificial altar of Ru.
    23 | D        | Found a stormy altar of Qazlal.
    23 | D        | Found an iron altar of Okawaru.
    23 | D        | Found a sparkling altar of Nemelex Xobeh.
    23 | D        | Found a burning altar of Makhleb.
    23 | D        | Found a blossoming altar of Fedhas.
    23 | D        | Found a shadowy altar of Dithmenos.
    23 | D        | Found a snail-covered altar of Cheibriados.
    26 | D        | Found a corrupted altar of Lugonu.
    26 | D        | Found a radiant altar of Vehumet.
    27 | D        | Found an ancient bone altar of Kikubaaqudgha.
    27 | D        | Found a hide-covered altar of Uskayaw.
    27 | D        | Found a broken altar of Ashenzari.
    32 | D        | Became a worshipper of Nemelex Xobeh the Trickster
    69 | D        | Noticed a scorpion
    73 | D        | Killed a scorpion
    74 | D        | Reached skill level 4 in Maces & Flails
    74 | D        | Gained mutation: You have large cloven feet. [demonic
                  | ancestry]
    74 | D        | Reached XP level 2. HP: 23/23 MP: 1/4
    74 | D        | Gained mutation: A weak demonic guardian rushes to your
                  | aid. [demonic ancestry]
    74 | D        | Reached XP level 3. HP: 28/28 MP: 1/5
   345 | D        | Reached * piety under Nemelex Xobeh
   349 | D        | Gained mutation: Your movements are slightly less
                  | encumbered by armour. (ER -2) [demonic ancestry]
   349 | D        | Reached XP level 4. HP: 34/34 MP: 6/6
   422 | D        | Received a gift from Nemelex Xobeh
   422 | D        | Noticed a floating eye
   424 | D        | Paralysed by a floating eye for 4 turns
   430 | D        | Killed a floating eye
   431 | D        | Reached skill level 6 in Maces & Flails
   431 | D        | Reached skill level 1 in Armour
   431 | D        | Reached skill level 5 in Dodging
   431 | D        | Reached skill level 5 in Invocations
   431 | D        | Reached XP level 5. HP: 41/41 MP: 7/9
   431 | D        | Reached ** piety under Nemelex Xobeh
   433 | D        | Noticed a flying skull
   440 | D        | Reached skill level 7 in Maces & Flails
   450 | D        | Killed a flying skull
   451 | D        | Reached skill level 9 in Maces & Flails
   451 | D        | Reached XP level 6. HP: 33/48 MP: 9/11
   566 | D        | Noticed an orc warrior
   586 | D        | Killed an orc warrior
   587 | D        | Gained mutation: Your movements are less encumbered by
                  | armour. (ER -4) [demonic ancestry]
   587 | D        | Reached XP level 7. HP: 26/55 MP: 12/12
   994 | D        | Reached skill level 10 in Maces & Flails
  1367 | D        | Reached *** piety under Nemelex Xobeh
  1379 | D        | Received a gift from Nemelex Xobeh
  1379 | D        | Noticed an orc knight
  1379 | D        | Noticed a yak
  1379 | D        | Noticed a yak
  1379 | D        | Noticed a yak
  1379 | D        | Noticed a yak
  1379 | D        | Noticed a yak
  1380 | D        | Killed a yak
  1380 | D        | Killed a yak
  1380 | D        | Killed a yak
  1380 | D        | Killed a yak
  1380 | D        | Killed a yak
  1380 | D        | Killed an orc knight
  1381 | D        | Reached skill level 13 in Maces & Flails
  1381 | D        | Reached skill level 5 in Armour
  1381 | D        | Reached skill level 10 in Invocations
  1381 | D        | Gained mutation: Spells you cast may paralyse adjacent
                  | enemies. [demonic ancestry]
  1381 | D        | Reached XP level 8. HP: 65/65 MP: 13/16
  1381 | D        | Reached XP level 9. HP: 71/71 MP: 13/17
  1414 | D        | Noticed a deep troll
  1414 | D        | Reached **** piety under Nemelex Xobeh
  1418 | D        | Noticed a red devil
  1420 | D        | Killed a deep troll
  1421 | D        | Reached skill level 14 in Maces & Flails
  1422 | D        | Received a gift from Nemelex Xobeh
  1422 | D        | Noticed Joseph
  1423 | D        | Noticed a smoke demon
  1429 | D        | Killed a red devil
  1450 | D        | Killed Joseph
  1458 | D        | Noticed a deep elf zephyrmancer
  1459 | D        | Killed a smoke demon
  1460 | D        | Noticed a komodo dragon
  1468 | D        | Noticed Terence
  1474 | D        | a komodo dragon changed into a tarantella
  1474 | D        | a deep elf zephyrmancer changed into a culicivora
  1474 | D        | Terence changed into Terence the killer bee
  1474 | D        | Noticed Terence
  1477 | D        | Reached skill level 15 in Maces & Flails
  1483 | D        | Killed Terence the killer bee
  1484 | D        | Gained mutation: Spells you cast may paralyse nearby
                  | enemies. [demonic ancestry]
  1484 | D        | Reached XP level 10. HP: 63/80 MP: 19/19
  1568 | D        | Received a gift from Nemelex Xobeh
  1575 | D        | Noticed Sonja
  1576 | D        | Reached ***** piety under Nemelex Xobeh
  1576 | D        | Noticed a rust devil
  1582 | D        | Noticed Duvessa
  1582 | D        | Noticed Dowan
  1582 | D        | Noticed an alligator
  1583 | D        | Killed a rust devil
  1583 | D        | Killed Dowan
  1583 | D        | Noticed an alligator
  1584 | D        | Reached skill level 16 in Maces & Flails
  1584 | D        | Killed Duvessa
  1586 | D        | Killed Sonja
  1586 | D        | Killed an alligator
  1586 | D        | Killed an alligator
  1587 | D        | Reached skill level 17 in Maces & Flails
  1596 | D        | Noticed a deep troll
  1602 | D        | a deep troll changed into a snapping turtle
  1613 | D        | Reached XP level 11. HP: 26/90 MP: 21/21
  2006 | D        | Reached skill level 10 in Fighting
  2121 | D        | Noticed a necromancer
  2140 | D        | Killed a necromancer
  2141 | D        | Reached skill level 18 in Maces & Flails
  2233 | D        | Noticed Frances
  2247 | D        | Noticed a sixfirhy
  2249 | D        | Slain by a sixfirhy

Illustrated notes

Levels and vault maps discovered:
D:        pitsprint [storerooms_1, entrance_room_1, metal_vault_1, armoury_3,
          mini_pit_1, grid_room_1, main_hall_1, silver_pit, the_coven_2,
          the_vestibule_1, steel_vault_2, golden_pit, hallway_of_sentries,
          crystal_vault_4, iron_vault_3, final_vault]

Skill      XL: |  1  2  3  4  5  6  7  8  9 10 11 |
---------------+----------------------------------+-----
Maces & Flails | 4 6 9 13 15 17 18 | 18.0
Throwing       | 2 |  2.8
Dodging        | 4 5 6 7 8 9 |  9.4
Invocations    | 3 5 7 10 12 13 14 | 14.4
Fighting       | 3 4 6 7 9 10 | 10.2
Armour         | 1 2 5 6 7 8 |  8.3
Stealth        | |  0.9

Action                     |  1- 3 |  4- 6 |  7- 9 | 10-12 || total
---------------------------+-------+-------+-------+-------++-------
  Melee: Flail             |    16 |    31 |    33 |       ||    80
         Kick              |     2 |    10 |    27 |    24 ||    63
         Morningstar       |       |       |    44 |    82 ||   126
         Punch             |       |       |       |     1 ||     1
  Throw: Throwing net      |     1 |       |     3 |       ||     4
         Javelin           |     1 |       |       |       ||     1
         Dart              |       |       |     2 |       ||     2
 Invoke: Draw Destruction  |       |     2 |     2 |     4 ||     8
         Draw Summoning    |       |       |       |     2 ||     2
         Draw Escape       |       |       |       |     1 ||     1
    Use: Potion            |     1 |     4 |     5 |    11 ||    21
         Scroll            |       |       |       |     1 ||     1
   Stab: Sleeping          |       |       |     1 |       ||     1
 Armour: Leather armour    |     6 |     2 |       |       ||     8
         Ring mail         |       |     3 |    10 |       ||    13
         Chain mail        |       |       |    24 |    34 ||    58
  Dodge: Dodged            |    16 |    21 |    42 |    52 ||   131

Table legend: (Time is in decaauts)
 A = Elapsed time spent in this place.
 B = Non-inter-level travel time spent in this place.
 C = Inter-level travel time spent in this place.
 D = Time resting spent in this place.
 E = Time spent auto-exploring this place.
 F = Levels seen in this place.
 G = Mean time per level.
                   A        B        C        D        E       F      G
               +--------+--------+--------+--------+--------+-----+--------+
         Total |   2237 |   2177 |     60 |   1489 |      0 |   1 | 2237.0 |
       Dungeon |   2237 |   2177 |     60 |   1489 |      0 |   1 | 2237.0 |
               +--------+--------+--------+--------+--------+-----+--------+

Top non-repeatable levels by time:
       D: 2237 daAuts
